 Dungeon Crawl Stone Soup version 0.31-a0-841-g038b102fc3 (webtiles) character file.

Game seed: 4237156594031599409

2 randomguy2701 the Charlatan (level 1, 0/13 HPs)
             Began as a Gnoll Wanderer on Sept 27, 2023.
             Slain by a quokka (3 damage)
             ... on level 1 of the Dungeon.
             The game lasted 00:00:13 (70 turns).

randomguy2701 the Charlatan (Gnoll Wanderer)          Turns: 70, Time: 00:00:13

Health: 0/13       AC:  2    Str: 10    XL:     1   Next: 40%
Magic:  6/6        EV: 11    Int: 14    God:
Gold:   8          SH:  0    Dex:  9    Spells: 9/9 levels left

rFire   . . .        a - +0 club
rCold   . . .        (no shield)
rNeg    . . .        c - +0 robe
rPois   .            (no helmet)
rElec   .            (no cloak)
rCorr   .            (no gloves)
SInv    .            (no boots)
Will    .....        (no amulet)
Stlth   ++           (no ring)
HPRegen 0.22/turn    (no ring)
MPRegen 0.10/turn

%: no passive effects
@: no status effects
A: fangs 1, strong nose, distributed training
a: no special abilities


You were on level 1 of the Dungeon.
You visited 1 branch of the dungeon, and saw 1 of its levels.

You collected 8 gold pieces.

Inventory:

Hand Weapons
 a - a +0 club (weapon)
Armour
 c - a +0 robe (worn)
Wands
 d - a wand of polymorph (7) (quivered)
Scrolls
 b - a scroll of fog
 e - a scroll of revelation {unknown}


   Skills:
 + Level 0.0 Fighting
 + Level 0.0 Short Blades
 + Level 0.0 Long Blades
 + Level 0.0 Axes
 + Level 0.0 Maces & Flails
 + Level 0.0 Polearms
 + Level 0.0 Staves
 + Level 0.0 Ranged Weapons
 + Level 0.0 Throwing
 + Level 0.0 Armour
 + Level 0.0 Dodging
 + Level 2.1 Stealth
 + Level 0.0 Shields
 + Level 0.0 Unarmed Combat
 + Level 4.8 Spellcasting
 + Level 5.3 Conjurations
 + Level 0.0 Hexes
 + Level 0.0 Summonings
 + Level 0.0 Necromancy
 + Level 0.0 Translocations
 + Level 0.0 Transmutations
 + Level 1.9 Fire Magic
 + Level 0.0 Ice Magic
 + Level 0.0 Air Magic
 + Level 0.0 Earth Magic
 + Level 0.0 Poison Magic
 + Level 0.1 Invocations
 + Level 6.4 Evocations
 + Level 0.0 Shapeshifting


You had 9 spell levels left.
You didn't know any spells.
Your spell library contained the following spells:

 Spells                   Type           Power      Damage    Failure   Level
 Foxfire                  Conj/Fire      52%        2x1d6     4%          1
 Shock                    Conj/Air       40%        1d5       6%          1
 Dazzling Flash           Conj/Hex       20%        N/A       17%         3
 Inner Flame              Hex/Fire       6%         N/A       34%         3
 Fulminant Prism          Conj/Hex       5%         3d7       50%         4


Dungeon Overview and Level Annotations

Branches:
Dungeon (1/15)

Altars:


Innate Abilities, Weirdness & Mutations

You have very sharp teeth.
Your uncanny sense of smell can sniff out nearby items.
Your experience applies equally to all skills.


Message History

The hobgoblin barely misses you.
You hit the hobgoblin.
You kill the hobgoblin!
The quokka completely misses you.
You hit the quokka. Your punch misses the quokka.
The quokka is moderately wounded.
The quokka bites you but does no damage.
The quokka bites you.
You are too injured to fight recklessly!
You are too injured to fight recklessly!
You are too injured to fight recklessly!
You are too injured to fight recklessly!
You are too injured to fight recklessly!
You are too injured to fight recklessly!
You are too injured to fight recklessly!
A quokka is nearby!
Unknown command.
A quokka is nearby!
A quokka is nearby!
A quokka is nearby!
A quokka is nearby!
You are too injured to fight recklessly!
You miss the quokka. You punch the quokka, but do no damage.
The quokka is moderately wounded.
The quokka bites you.
You hit the quokka but do no damage.
The quokka is moderately wounded.
The quokka barely misses you. The quokka closely misses you.
You closely miss the quokka.
The quokka is moderately wounded.
The quokka bites you.
* * * LOW HITPOINT WARNING * * *
You barely miss the quokka.
The quokka is moderately wounded.
The quokka closely misses you. The quokka bites you.
* * * LOW HITPOINT WARNING * * *
You closely miss the quokka.
The quokka is moderately wounded.
The quokka bites you.
You die...

#############
###...........#
###...###...###.
#†@.####.....##
#.r#####...<...##
#.?# ##.........##
#..#
##...........##
#..#
##......#......##
#..#
##......###......#
#.# ##......##
##...... ..
##......## ##.....
###......## ##....


You could see a quokka.

Vanquished Creatures
  A bat (D:1)
  A hobgoblin (D:1)
2 creatures vanquished.

Notes
Turn   | Place    | Note
-------+----------+-------------------------------------------
     0 | D:1      | randomguy2701 the Gnoll Wanderer began the quest for the
                  | Orb.
     0 | D:1      | randomguy2701 set off with the following items: a +0 club,
                  | a scroll of fog, a +0 robe, a wand of polymorph (7); and
                  | the following spells available to memorise: Foxfire, Shock,
                  | Dazzling Flash, Inner Flame, Fulminant Prism.
     0 | D:1      | Reached XP level 1. HP: 13/13 MP: 6/6
    70 | D:1      | Slain by a quokka

Illustrated notes

Levels and vault maps discovered:
D:1:      dpeg_arrival_central, layout_loops_corners,
          dilly_ecumenical_altar_fadedgnrine

Action                     || total
---------------------------++-------
  Melee: Club              ||    14
         Punch             ||     1
         Bite              ||     1
   Stab: Sleeping          ||     1
 Armour: Robe              ||     8
  Dodge: Dodged            ||    21

Table legend: (Time is in decaauts)
 A = Elapsed time spent in this place.
 B = Non-inter-level travel time spent in this place.
 C = Inter-level travel time spent in this place.
 D = Time resting spent in this place.
 E = Time spent auto-exploring this place.
 F = Levels seen in this place.
 G = Mean time per level.
                   A        B        C        D        E       F      G
               +--------+--------+--------+--------+--------+-----+--------+
         Total |     73 |     73 |      0 |      0 |     42 |   1 |   73.0 |
       Dungeon |     73 |     73 |      0 |      0 |     42 |   1 |   73.0 |
               +--------+--------+--------+--------+--------+-----+--------+

Top non-repeatable levels by time:
     D:1: 73 daAuts
